[Event "Titled Tuesday Blitz March 29 Early 2022"]
[White "Cannon, David"]
[Black "Sapunov, Evgeny"]
[WhiteFideId "3213110"]
[BlackFideId "4126661"]
[WhiteElo "1901"]
[BlackElo "2470"]
[Result "0-1"]
[Round "03"]
[TimeControl "180+1"]
[Date "2022.03.30"]
[WhiteClock "0:00:07"]
[BlackClock "0:00:44"]

1. e4 c5 2. Nf3 d6 3. c3 Nf6 4. Bd3 Nc6 5. O-O Bg4 6. h3 Bxf3 7. Qxf3 g6 8. Bc2 Bg7 9. Qd1 Nd7 10. d3 O-O 11. Nd2 b5 12. Nf3 b4 13. Bd2 Qb6 14. Rb1 Nde5 15. Nxe5 Bxe5 16. f4 Bg7 17. Kh1 Rab8 18. Qe2 Qa5 19. cxb4 cxb4 20. a3 Qb6 21. axb4 Nxb4 22. Bc3 Nc6 23. Ra1 Qc5 24. Qd2 Rfc8 25. Rfc1 Nd4 26. Bd1 Qb6 27. Qe3 Rc7 28. Kh2 Rbc8 29. Ra4 Nb5 30. Qxb6 axb6 31. Rb4 Nxc3 32. bxc3 Bxc3 33. Rxb6 Bd2 34. Rxc7 Rxc7 35. g3 Rc1 36. Bf3 Rc2 37. Bg2 Rc3 38. Bf1 Be1 39. Kg2 Rc2+ 40. Kf3 Rf2+ 41. Ke3 Rxf1 42. Rb7 Kf8 43. Rb8+ Kg7 44. Rb7 Kf6 45. f5 Bxg3 46. Ke2 Rf2+ 0-1


[Site "https://www.chess.com"]

[Event "Titled Tuesday Blitz March 29 Early 2022"]
[White "Chen, Qi b"]
[Black "Zaksaite, Salomeja"]
[WhiteFideId "8614733"]
[BlackFideId "12801496"]
[WhiteElo "2432"]
[BlackElo "1953"]
[Result "0-1"]
[Round "03"]
[TimeControl "180+1"]
[Date "2022.03.30"]
[WhiteClock "0:00:04"]
[BlackClock "0:00:05"]

1. e4 c5 2. Nf3 e6 3. Nc3 Nc6 4. d4 cxd4 5. Nxd4 Nf6 6. a3 b6 7. Be3 Bb7 8. f3 Bc5 9. Qd2 O-O 10. O-O-O Nxd4 11. Bxd4 Bxd4 12. Qxd4 d5 13. exd5 Nxd5 14. Nxd5 Qxd5 15. Qxd5 Bxd5 16. Ba6 Rfd8 17. c4 Bc6 18. Kc2 Kf8 19. Kc3 Ke7 20. b4 Ba4 21. Rxd8 Rxd8 22. c5 bxc5 23. bxc5 Rd1 24. Rxd1 Bxd1 25. Bb5 e5 26. Bc4 f6 27. h4 h6 28. Bd5 g5 29. hxg5 hxg5 30. g4 Kd7 31. Be4 Kc7 32. Kc4 Ba4 33. Kb4 Bd1 34. Kc3 Ba4 35. Bd5 Bd1 36. Kd3 Ba4 37. Ba8 Bd1 38. Ke4 Bc2+ 39. Kd5 Bb3+ 40. Ke4 Bc2+ 41. Ke3 Bb1 42. Bd5 Bc2 43. Kd2 Bb1 44. Kc3 f5 45. Kb2 fxg4 46. fxg4 Bh7 47. Kc3 Bg6 48. Kc4 Be8 49. Kd3 Bd7 50. Bf3 Bc6 51. Be2 Bb5+ 52. Ke3 Bxe2 53. Kxe2 Kc6 54. Ke3 Kxc5 55. Ke4 Kd6 56. a4 Ke6 57. a5 a6 0-1


[Site "https://www.chess.com"]

[Event "Titled Tuesday Blitz March 29 Early 2022"]
[White "Chernomordik, Pavel"]
[Black "Kosteniuk, Alexandra"]
[WhiteFideId "2804530"]
[BlackFideId "4128125"]
[WhiteElo "2249"]
[BlackElo "2469"]
[Result "0-1"]
[Round "03"]
[TimeControl "180+1"]
[Date "2022.03.29"]
[WhiteClock "0:00:08"]
[BlackClock "0:00:58"]

1. e4 c6 2. Nc3 d5 3. Qf3 Nf6 4. d3 g6 5. Bg5 Bg7 6. h3 O-O 7. O-O-O b5 8. e5 Nfd7 9. d4 b4 10. Nce2 f6 11. exf6 Nxf6 12. Qe3 Ne4 13. Bh4 Rf7 14. f3 Nd6 15. g4 Nc4 16. Qd3 Qa5 17. Kb1 Ba6 18. Qb3 Nd7 19. Be1 Rb8 20. Nc1 e5 21. Bg3 Na3+ 22. Ka1 Bc4 23. bxa3 Bxb3 24. Nxb3 Qxa3 25. Kb1 exd4 26. Rd3 Re8 27. Nxd4 Qa4 28. Nge2 c5 29. Nb3 c4 30. Rxd5 cxb3 31. cxb3 Qc6 32. Rd3 Ne5 0-1


[Site "https://www.chess.com"]

[Event "Titled Tuesday Blitz March 29 Early 2022"]
[White "Chigaev, Maksim"]
[Black "Martin Duque, Jesus"]
[WhiteFideId "4108116"]
[BlackFideId "2208954"]
[WhiteElo "2502"]
[BlackElo "2243"]
[Result "1-0"]
[Round "03"]
[TimeControl "180+1"]
[Date "2022.03.30"]
[WhiteClock "0:00:05"]
[BlackClock "0:00:21"]

1. e4 c5 2. Nc3 Nc6 3. Bb5 Nd4 4. Nf3 e6 5. O-O a6 6. Bd3 Nc6 7. Re1 g5 8. g3 Be7 9. Nd5 Bd6 10. Ne3 h5 11. Bf1 g4 12. Nh4 Be7 13. Neg2 Ne5 14. c3 c4 15. d4 cxd3 16. Bf4 d6 17. Bxd3 b5 18. a4 bxa4 19. Bc2 Nf6 20. Bxa4+ Kf8 21. Bxe5 dxe5 22. Qxd8+ Bxd8 23. Ne3 Bb7 24. Nc4 Bc7 25. Bc2 Ke7 26. Na5 Bxa5 27. Rxa5 Nd7 28. Ng2 Rhd8 29. Ne3 Rac8 30. h3 gxh3 31. Kh2 Rc5 32. Ra4 Nf6 33. Kxh3 Rd2 34. f3 Nh7 35. f4 h4 36. Kxh4 Rh2+ 37. Kg4 exf4 38. gxf4 Rch5 39. Rg1 R5h4+ 40. Kf3 R4h3+ 41. Rg3 Nf6 42. Rxh3 Rxh3+ 43. Ke2 Rh2+ 44. Ke1 Nh5 45. Rb4 Bc6 46. e5 Rh4 47. Bd3 Nxf4 48. Bxa6 Rh1+ 49. Kf2 Rb1 50. Rxf4 Rxb2+ 51. Be2 Bb5 52. c4 Ba6 53. Ng4 Bb7 54. Nf6 Ba6 55. Rd4 Bc8 56. Ke3 Rc2 57. Bd3 Rc3 58. Rh4 Ra3 59. Kd4 Ra7 60. Rh8 Bd7 61. Be4 Rc7 62. Rb8 Ba4 63. Rb6 Rc8 64. Rb7+ Kf8 65. c5 Rd8+ 66. Kc3 Rd1 67. Rb8+ Kg7 68. Rg8+ Kh6 69. Rg3 Rc1+ 70. Kd4 Rd1+ 71. Rd3 Re1 72. Rc3 Rd1+ 73. Ke3 Re1+ 74. Kd2 Rd1+ 75. Ke2 Kg7 76. c6 Rb1 77. c7 Bd7 78. Nxd7 1-0


[Site "https://www.chess.com"]

[Event "Titled Tuesday Blitz March 29 Early 2022"]
[White "Cramling Bellon, Anna"]
[Black "Gatterer, Florian"]
[WhiteFideId "32009232"]
[BlackFideId "811688"]
[WhiteElo "1905"]
[BlackElo "2218"]
[Result "0-1"]
[Round "03"]
[TimeControl "180+1"]
[Date "2022.03.30"]
[WhiteClock "0:00:02"]
[BlackClock "0:00:07"]

1. d4 Nf6 2. c4 g6 3. Nc3 d5 4. cxd5 Nxd5 5. e4 Nxc3 6. bxc3 Bg7 7. Qa4+ Nd7 8. Nf3 O-O 9. Bg5 h6 10. Bh4 Nb6 11. Qa3 g5 12. Bg3 Be6 13. d5 Bg4 14. Nd4 e5 15. Nc2 c6 16. Ne3 Bd7 17. d6 f5 18. exf5 Bxf5 19. Nxf5 Rxf5 20. Bd3 Rf6 21. Qb3+ Nd5 22. c4 Nf4 23. c5+ Kh8 24. Bxf4 exf4 25. O-O b6 26. Rfe1 bxc5 27. Re6 Rxe6 28. Qxe6 Qf6 29. Re1 Rd8 30. Qe4 Kg8 31. Qh7+ Kf8 32. Bg6 Qxd6 33. h3 c4 34. Bf5 Qf6 35. Re6 Qf7 36. Rg6 f3 37. g3 c3 38. Rxh6 c2 0-1


[Site "https://www.chess.com"]

[Event "Titled Tuesday Blitz March 29 Early 2022"]
[White "Cremisi, Daniel"]
[Black "FGHSMN"]
[WhiteFideId "2089882"]
[WhiteElo "2172"]
[BlackElo "2756"]
[Result "0-1"]
[Round "03"]
[TimeControl "180+1"]
[Date "2022.03.30"]
[WhiteClock "0:01:32"]
[BlackClock "0:01:14"]

1. d4 Nf6 2. c4 d6 3. Nf3 g6 4. Nc3 Bf5 5. g3 Bg7 6. Bg2 Nc6 7. O-O O-O 8. d5 Na5 9. Qa4 b6 10. b3 Ne4 11. Nxe4 Bxa1 12. Bh6 Bg7 13. Bxg7 Kxg7 14. Neg5 h6 15. Nh3 Qd7 16. Qxd7 Bxd7 17. Nf4 b5 18. cxb5 Bxb5 19. Rc1 Rac8 20. Nd4 Bd7 21. b4 Nb7 22. Nc6 Bxc6 23. dxc6 Nd8 24. Nd5 e6 25. Nc3 d5 26. Nb5 a6 27. Nd4 Rb8 28. a3 Rb6 29. f4 f6 30. Bh3 Re8 31. Rc5 Re7 32. Kf2 e5 33. fxe5 fxe5 34. Rxd5 Nxc6 35. Nb3 Na7 36. Nc5 Nb5 37. a4 Nc3 38. Rd3 Na2 39. a5 Rf6+ 40. Ke1 Nxb4 41. Rd8 Nc6 42. Ra8 Nxa5 43. Nxa6 Nc4 44. Nb4 Rb6 45. Nd5 Rb1+ 46. Kf2 Rf7+ 47. Kg2 c6 48. Be6 cxd5 49. Bxf7 Kxf7 50. Ra7+ Kf6 51. Ra6+ Kf5 52. g4+ Kg5 53. h4+ Kxg4 54. Rxg6+ Kh5 55. Rg8 Kxh4 56. Rd8 e4 57. Kf2 e3+ 58. Kf3 Rf1+ 59. Kg2 Rf2+ 60. Kg1 Nd2 61. Rxd5 Kg3 62. Rd6 Rf1# 0-1


[Site "https://www.chess.com"]

[Event "Titled Tuesday Blitz March 29 Early 2022"]
[White "Csonka, Balazs"]
[Black "Maghsoodloo, Parham"]
[WhiteFideId "742910"]
[BlackFideId "12539929"]
[WhiteElo "2404"]
[BlackElo "2630"]
[Result "1-0"]
[Round "03"]
[TimeControl "180+1"]
[Date "2022.03.29"]
[WhiteClock "0:00:04"]
[BlackClock "0:00:05"]

1. d4 Nf6 2. c4 g6 3. Nc3 d5 4. cxd5 Nxd5 5. e4 Nxc3 6. bxc3 Bg7 7. Be3 c5 8. Rc1 Qa5 9. Qd2 O-O 10. Nf3 Rd8 11. d5 e6 12. Bg5 f6 13. Be3 Nc6 14. Bd3 exd5 15. exd5 c4 16. Bxc4 Be6 17. Rd1 Ne7 18. dxe6 Rxd2 19. Rxd2 Qxc3 20. Bb3 Qc1+ 21. Rd1 Qc3+ 22. Rd2 a5 23. O-O a4 24. Bxa4 h5 25. Bb3 Re8 26. Rd7 Nf5 27. Rd8 Kf8 28. Rxe8+ Kxe8 29. Rc1 Qa5 30. Rc8+ Ke7 31. Rc5 Qb4 32. Rc7+ Kd8 33. Rd7+ Ke8 34. Bd2 Qe4 35. h3 Bf8 36. Bd5 Qb1+ 37. Be1 Bc5 38. Rxb7 Qd1 39. Bc6+ Kf8 40. Rb8+ Kg7 41. Rb7+ Kh6 42. Rd7 Qe2 43. Ba4 Qxe6 44. Rd1 Qxa2 45. Bd7 Nd6 46. Bc6 Qe2 47. Rc1 Bb6 48. Rb1 Ba7 49. Bd2+ g5 50. Rf1 Nc4 51. Bc1 Kg7 52. Bb5 g4 53. Bxc4 Qxc4 54. hxg4 hxg4 55. Nh4 Qd3 56. g3 Qxg3+ 57. Ng2 Qh3 58. Be3 g3 59. fxg3 Bxe3+ 60. Nxe3 Qxg3+ 61. Ng2 Kg6 62. Rf4 Kg5 63. Rf2 f5 64. Rf4 Kf6 65. Rf2 Ke5 66. Rf4 Qg5 67. Rf2 Ke4 68. Rf4+ Ke5 69. Rf2 Qg3 70. Rf4 Qd3 71. Rf2 Qd4 72. Kf1 Qd1+ 73. Ne1 f4 74. Re2+ Kf5 75. Rf2 Kg4 76. Rg2+ Kh3 77. Rf2 Qc1 78. Rf3+ Kg4 79. Rf2 Qc4+ 80. Kg2 Qe4+ 81. Nf3 Qd5 82. Rf1 Qe4 83. Rf2 Qc6 84. Rf1 Qd5 85. Rf2 Qe4 86. Rf1 Qh7 87. Nh2+ Kf5 88. Nf3 Qg7+ 89. Kf2 Qg3+ 90. Ke2 Ke4 91. Nd2+ Kd4 92. Nf3+ Kd5 93. Rf2 Qg6 94. Kf1 Ke4 95. Ng1 Qa6+ 96. Kg2 Qd6 97. Re2+ Kf5 98. Rf2 Qg6+ 99. Kf1 Qg4 100. Nf3 Ke4 101. Nd2+ Ke3 102. Nc4+ Kd3 103. Ne5+ 1-0


[Site "https://www.chess.com"]

[Event "Titled Tuesday Blitz March 29 Early 2022"]
[White "Cupid, Kevin"]
[Black "Pesotskiy, Mikhail"]
[WhiteFideId "7700512"]
[BlackFideId "34164453"]
[WhiteElo "2096"]
[BlackElo "2010"]
[Result "1-0"]
[Round "03"]
[TimeControl "180+1"]
[Date "2022.03.30"]
[WhiteClock "0:00:18"]
[BlackClock "0:00:41"]

1. d4 Nf6 2. c4 e5 3. dxe5 Ng4 4. Nf3 Bc5 5. e3 Nc6 6. Be2 O-O 7. O-O Ncxe5 8. a3 a5 9. Nbd2 Ra6 10. Ne4 Ba7 11. Nxe5 Nxe5 12. f4 Rh6 13. h3 Nc6 14. Bd3 d5 15. cxd5 Qxd5 16. Ng5 Rd8 17. Bc2 Qxd1 18. Rxd1 Rhd6 19. Rxd6 Rxd6 20. Bxh7+ Kf8 21. Bc2 Ne7 22. Kf2 Bf5 23. Bxf5 Nxf5 24. g4 Ne7 25. Ne4 Rc6 26. Nc3 b5 27. Bd2 b4 28. axb4 axb4 29. Rxa7 b3 30. e4 Nc8 31. Ra8 Rd6 32. Rxc8+ Ke7 33. Be3 Rd3 34. Ke2 Kd7 35. Kxd3 Kxc8 36. Kc4 Kd7 37. Kxb3 Kd6 38. Kc4 Kc6 39. Nd5 Kb7 40. e5 c6 41. Nc3 Kc7 42. b4 Kd7 43. Bc5 Kc7 44. Ne4 Kd7 45. Nd6 1-0


[Site "https://www.chess.com"]

[Event "Titled Tuesday Blitz March 29 Early 2022"]
[White "Czerw, Dawid"]
[Black "Liyanage, Ranindu Dilshan"]
[WhiteFideId "1145746"]
[BlackFideId "9915834"]
[WhiteElo "2125"]
[BlackElo "1858"]
[Result "0-1"]
[Round "03"]
[TimeControl "180+1"]
[Date "2022.03.30"]
[WhiteClock "0:01:01"]
[BlackClock "0:02:03"]

1. d4 Nf6 2. c4 e6 3. Nc3 Bb4 4. f3 d5 5. a3 Bxc3+ 6. bxc3 O-O 7. e3 c5 8. cxd5 Nxd5 9. Bd2 Nc6 10. Bd3 cxd4 11. cxd4 e5 12. e4 Nf4 13. Bxf4 exf4 14. d5 Qh4+ 15. Kf1 Ne5 16. Ne2 Nxf3 17. gxf3 Bh3+ 18. Kg1 Qg5+ 19. Ng3 fxg3 20. Qe2 g2 0-1


[Site "https://www.chess.com"]

[Event "Titled Tuesday Blitz March 29 Early 2022"]
[White "De Silva, L M S T"]
[Black "Mkrtchyan, Mariam"]
[WhiteFideId "9953698"]
[BlackFideId "13310828"]
[WhiteElo "1631"]
[BlackElo "1984"]
[Result "1-0"]
[Round "03"]
[TimeControl "180+1"]
[Date "2022.03.30"]
[WhiteClock "0:00:16"]
[BlackClock "0:00:02"]

1. e4 c6 2. d4 d5 3. Nc3 dxe4 4. Nxe4 Nf6 5. Nxf6+ exf6 6. c3 Bd6 7. Bd3 O-O 8. Qc2 Re8+ 9. Ne2 h5 10. O-O h4 11. h3 Nd7 12. Bd2 Nf8 13. Rae1 Be6 14. c4 Qd7 15. f4 f5 16. b3 Be7 17. Be3 Bf6 18. Rd1 Bxc4 19. bxc4 Rxe3 20. Bxf5 Qe7 21. Bg4 Re8 22. Rd2 Ng6 23. d5 cxd5 24. cxd5 Qd6 25. Nd4 R3e4 26. Nf5 Qb6+ 27. Kh1 Rxf4 28. Rg1 Ne5 29. d6 Nxg4 30. hxg4 Rxg4 31. d7 Rd8 32. Re1 Rf4 33. Re8+ Kh7 34. Nxh4+ g6 35. Nf3 Kg7 36. Qd3 Rf5 37. g4 Rf4 38. g5 1-0


[Site "https://www.chess.com"]

[Event "Titled Tuesday Blitz March 29 Early 2022"]
[White "De Souza, Cristiano Gomes"]
[Black "Heinemann, Josefine"]
[WhiteFideId "2151758"]
[BlackFideId "12900460"]
[WhiteElo "2068"]
[BlackElo "2300"]
[Result "0-1"]
[Round "03"]
[TimeControl "180+1"]
[Date "2022.03.30"]
[WhiteClock "0:00:35"]
[BlackClock "0:00:38"]

1. d4 d5 2. c4 c6 3. Nf3 Nf6 4. Nc3 dxc4 5. a4 Bf5 6. e3 e6 7. Ne5 Bb4 8. Bxc4 O-O 9. O-O Nbd7 10. Nxd7 Qxd7 11. f3 Bg6 12. e4 Rfd8 13. Be3 a5 14. Ne2 Qe7 15. Qb3 Rab8 16. Rac1 b5 17. Bd3 Rdc8 18. Rfd1 Nd7 19. Nf4 bxa4 20. Qxa4 c5 21. Nxg6 hxg6 22. h3 cxd4 23. Bxd4 Nc5 24. Qc2 Kh7 25. Bc4 a4 26. Be3 Nb3 27. Qe2 Nxc1 28. Rxc1 Bc5 29. Kh2 Bxe3 30. Qxe3 Rxb2 0-1


[Site "https://www.chess.com"]

[Event "Titled Tuesday Blitz March 29 Early 2022"]
[White "Dejmek, Mark"]
[Black "Secer, Ata"]
[WhiteFideId "2017628"]
[BlackFideId "6303293"]
[WhiteElo "2252"]
[BlackElo "2282"]
[Result "0-1"]
[Round "03"]
[TimeControl "180+1"]
[Date "2022.03.30"]
[WhiteClock "0:00:04"]
[BlackClock "0:00:22"]

1. Nf3 d5 2. c4 c6 3. Qc2 Nf6 4. g3 Bg4 5. Bg2 e6 6. O-O Nbd7 7. b3 Bd6 8. Bb2 Qe7 9. d3 O-O 10. Nbd2 Ba3 11. Ne5 Bxb2 12. Qxb2 Bxe2 13. Rfe1 Nxe5 14. Rxe2 Nxd3 15. Qd4 dxc4 16. Nxc4 Rfd8 17. Qh4 Qb4 18. Qh3 b5 19. Ne3 Rac8 20. Rd1 c5 21. Red2 c4 22. Ng4 Nxg4 23. Qxg4 Qc5 24. Qh4 Rd4 25. Qh3 Rcd8 26. Bf1 Nxf2 27. Rxf2 Rxd1 28. Qh5 Qxh5 0-1


[Site "https://www.chess.com"]

[Event "Titled Tuesday Blitz March 29 Early 2022"]
[White "Demchenko, Anton"]
[Black "Omariev, Maksim"]
[WhiteFideId "4160258"]
[BlackFideId "4193423"]
[WhiteElo "2539"]
[BlackElo "2520"]
[Result "1-0"]
[Round "03"]
[TimeControl "180+1"]
[Date "2022.03.30"]
[WhiteClock "0:00:06"]
[BlackClock "0:00:02"]

1. e4 c5 2. Nf3 d6 3. d4 cxd4 4. Nxd4 Nf6 5. Nc3 a6 6. Be2 e6 7. Be3 Be7 8. g4 Nc6 9. g5 Nd7 10. h4 g6 11. f4 Qc7 12. Bf3 Nb6 13. b3 Bd7 14. Nde2 O-O-O 15. Qd2 Kb8 16. O-O-O Rc8 17. Kb1 Rhd8 18. h5 Be8 19. Bf2 Nd7 20. hxg6 hxg6 21. Rh8 Nc5 22. Qe3 b5 23. Rc1 Nb4 24. a3 Nc6 25. Na2 d5 26. exd5 exd5 27. Nb4 Nxb4 28. axb4 Ne6 29. Nd4 Nxf4 30. Rxe8 Rxe8 31. Nc6+ Kb7 32. Nxe7 Rxe7 33. Qa7+ Kc6 34. Qxa6+ Kd7 35. Bc5 Re6 36. Bg4 Qc6 37. Qa7+ Rc7 38. Qa8 Rc8 39. Qa7+ Rc7 40. Qa1 Rc8 41. Qg7 Ke8 42. Rh1 Kd7 43. Qxf7+ Kd8 44. Rh8+ Re8 45. Qe7# 1-0


[Site "https://www.chess.com"]

[Event "Titled Tuesday Blitz March 29 Early 2022"]
[White "Dev, Shah"]
[Black "Alinasab, Mobina"]
[WhiteFideId "35019058"]
[BlackFideId "12528897"]
[WhiteElo "2075"]
[BlackElo "2052"]
[Result "0-1"]
[Round "03"]
[TimeControl "180+1"]
[Date "2022.03.30"]
[WhiteClock "0:00:02"]
[BlackClock "0:01:01"]

1. d4 Nf6 2. c4 e6 3. Nf3 d5 4. g3 dxc4 5. Bg2 c6 6. O-O b5 7. Ne5 Bb7 8. b3 cxb3 9. Qxb3 Qxd4 10. Bb2 Qb4 11. Qc2 Qc5 12. Qb3 Qb4 13. Qc2 Qc5 14. Qd2 Qb6 15. a4 a6 16. Nc3 Be7 17. Rfb1 O-O 18. Bc1 Qc7 19. Nd3 Nbd7 20. Qc2 Rfc8 21. e4 a5 22. Qe2 b4 23. Nd1 c5 24. e5 Nd5 25. Ne3 Nc3 26. Qg4 Bxg2 27. Kxg2 Nxb1 28. Rxb1 Nxe5 29. Nxe5 Qxe5 30. Bb2 Qg5 31. Qc4 Bf6 32. h4 Qg6 33. h5 Qxb1 34. Bxf6 gxf6 35. Ng4 Kf8 36. Nxf6 Qf5 37. Qh4 Rd8 38. g4 Qd3 39. Qg5 b3 40. Qxc5+ Qd6 0-1


[Site "https://www.chess.com"]

[Event "Titled Tuesday Blitz March 29 Early 2022"]
[White "Dreev, Aleksey"]
[Black "Hua, Lefong"]
[WhiteFideId "4100107"]
[BlackFideId "2602253"]
[WhiteElo "2625"]
[BlackElo "2576"]
[Result "1/2-1/2"]
[Round "03"]
[TimeControl "180+1"]
[Date "2022.03.29"]
[WhiteClock "0:00:07"]
[BlackClock "0:00:18"]

1. d4 Nf6 2. Nf3 g6 3. Bg5 Bg7 4. Nbd2 O-O 5. c3 d6 6. e4 c5 7. dxc5 dxc5 8. Bc4 h6 9. Bh4 Nc6 10. Qc2 Nh5 11. O-O Qc7 12. Rfe1 g5 13. Bg3 Nxg3 14. hxg3 e6 15. Bb5 Ne5 16. Nxe5 Bxe5 17. Nf3 a6 18. Be2 b6 19. Nxe5 Qxe5 20. Qb3 b5 21. a4 c4 22. Qc2 Bb7 23. Bf1 Bc6 24. Qd2 Rfd8 25. Qe3 Qd6 26. f4 Qd2 27. axb5 Qxe3+ 28. Rxe3 axb5 29. Rxa8 Rxa8 30. Kf2 Ra2 31. Re2 Kg7 32. Ke3 Kf6 33. Rf2 Ke7 34. Kd4 Ra1 35. e5 Rd1+ 36. Kc5 Bd7 37. Kb4 Rb1 38. Kc5 Rd1 39. Kb4 Rb1 40. Ka3 Ra1+ 41. Kb4 Rb1 1/2-1/2


[Site "https://www.chess.com"]

[Event "Titled Tuesday Blitz March 29 Early 2022"]
[White "Estrada Nieto, Julian"]
[Black "Sahil, Tickoo"]
[WhiteFideId "5101018"]
[BlackFideId "5019710"]
[WhiteElo "2246"]
[BlackElo "2099"]
[Result "1-0"]
[Round "03"]
[TimeControl "180+1"]
[Date "2022.03.30"]
[WhiteClock "0:00:49"]
[BlackClock "0:00:01"]

1. e4 c5 2. Nf3 d6 3. Bb5+ Bd7 4. Bxd7+ Nxd7 5. O-O Ngf6 6. Re1 e6 7. c3 Be7 8. d4 cxd4 9. cxd4 d5 10. e5 Ne4 11. Nbd2 Nxd2 12. Bxd2 O-O 13. Rc1 Rc8 14. Qa4 a6 15. Rxc8 Qxc8 16. Rc1 Qd8 17. Ba5 b6 18. Bb4 Bxb4 19. Qxb4 Nb8 20. h4 h6 21. Qc3 b5 22. Qc7 Qe8 23. Qd6 Qd8 24. Qxd8 Rxd8 25. Rc7 Kf8 26. Kf1 Ke8 27. Ke2 Rd7 28. Rc8+ Rd8 29. Rc2 Kd7 30. Nd2 Rc8 31. Rxc8 Kxc8 32. Nb3 Nd7 33. g4 g6 34. f4 Kc7 35. Kd3 Kb6 36. Nd2 a5 37. Nf1 Kc6 38. Ne3 Nb6 39. b3 a4 40. f5 gxf5 41. gxf5 h5 42. f6 axb3 43. axb3 Kd7 44. Ng2 Na8 45. Nf4 Ke8 46. Nxh5 Kf8 47. Ng7 Kg8 48. Kc3 Nc7 49. h5 Na6 50. Ne8 1-0


[Site "https://www.chess.com"]

[Event "Titled Tuesday Blitz March 29 Early 2022"]
[White "Ezat, Mohamed"]
[Black "Ovezdurdyyeva, Jemal"]
[WhiteFideId "10600906"]
[BlackFideId "14001888"]
[WhiteElo "2386"]
[BlackElo "1946"]
[Result "1-0"]
[Round "03"]
[TimeControl "180+1"]
[Date "2022.03.30"]
[WhiteClock "0:00:44"]
[BlackClock "0:00:14"]

1. d4 Nf6 2. c4 g6 3. Nc3 d5 4. Bg5 Bg7 5. Bxf6 Bxf6 6. cxd5 O-O 7. e3 e6 8. dxe6 Bxe6 9. Nf3 c5 10. Bb5 a6 11. Ba4 Bg4 12. O-O cxd4 13. exd4 Nc6 14. Bxc6 bxc6 15. h3 Be6 16. Re1 Rb8 17. Qd2 Bg7 18. Ne5 Qb6 19. b3 Rfd8 20. Rad1 Qa5 21. Qb2 Rd6 22. Ne4 Bxe5 23. dxe5 Rxd1 24. Rxd1 Bd5 25. Nf6+ Kg7 26. e6 fxe6 27. Nxd5+ 1-0


[Site "https://www.chess.com"]

[Event "Titled Tuesday Blitz March 29 Early 2022"]
[White "Fathy, Elameir"]
[Black "Derjabin, Ilja"]
[WhiteFideId "10600396"]
[BlackFideId "14104768"]
[WhiteElo "2311"]
[BlackElo "2341"]
[Result "0-1"]
[Round "03"]
[TimeControl "180+1"]
[Date "2022.03.30"]
[WhiteClock "0:00:38"]
[BlackClock "0:02:13"]

1. d4 Nf6 2. c4 c5 3. d5 b5 4. cxb5 a6 5. bxa6 Bxa6 6. Nc3 d6 7. e4 Bxf1 8. Kxf1 g6 9. g3 Qc8 10. Kg2 Bg7 11. Nf3 Qb7 12. a4 O-O 13. Ra3 Na6 14. Qe2 Nb4 15. Nb5 Ra6 16. b3 e6 17. dxe6 fxe6 18. Re1 d5 19. exd5 exd5 20. Qe7 Qxe7 21. Rxe7 d4 22. Bd2 Nfd5 23. Rd7 Raf6 0-1


[Site "https://www.chess.com"]

[Event "Titled Tuesday Blitz March 29 Early 2022"]
[White "Federzoni, Enzo"]
[Black "Grebeniuk, Semen"]
[WhiteFideId "2173301"]
[BlackFideId "14117509"]
[WhiteElo "1956"]
[BlackElo "2234"]
[Result "0-1"]
[Round "03"]
[TimeControl "180+1"]
[Date "2022.03.30"]
[WhiteClock "0:00:03"]
[BlackClock "0:00:04"]

1. c4 f5 2. g3 Nf6 3. Bg2 g6 4. Nc3 Bg7 5. d4 O-O 6. Nf3 d6 7. O-O Qe8 8. d5 a5 9. Nd4 Na6 10. e4 fxe4 11. Nxe4 Nxe4 12. Bxe4 Bh3 13. Bg2 Bxg2 14. Kxg2 Nc5 15. Be3 e5 16. Ne6 Nxe6 17. dxe6 Qxe6 18. Qd5 Qf7 19. Rad1 b6 20. Qc6 Rae8 21. a3 e4 22. b4 axb4 23. axb4 Re6 24. Rd2 Bc3 25. Ra2 Bxb4 26. Ra7 Bc5 27. Qxc7 Bxe3 28. Qxf7+ Rxf7 29. Rxf7 Kxf7 30. fxe3+ Rf6 31. Rb1 Rf3 32. Rxb6 Ke7 33. Rb7+ Ke6 34. Rxh7 Rxe3 35. Kf2 Rc3 36. Rc7 Ke5 37. h4 d5 38. c5 d4 39. c6 Rc2+ 40. Ke1 d3 41. g4 Kf4 42. Kd1 Kxg4 43. Re7 Kf4 44. c7 Ke3 45. Rf7 Rc6 46. Rd7 Kf4 47. Re7 e3 48. Rd7 Ke4 49. Re7+ Kf3 50. Rf7+ Kg2 51. Re7 Kf3 52. Rf7+ Ke4 53. Re7+ Kd4 54. Rd7+ Kc3 55. Re7 e2+ 56. Ke1 Kc2 57. Rd7 Rc3 58. Kf2 Kd1 59. Re7 Rc2 0-1


[Site "https://www.chess.com"]

[Event "Titled Tuesday Blitz March 29 Early 2022"]
[White "Ferreira, Vitor Hugo Vieira"]
[Black "Karolczuk, Iwo"]
[WhiteFideId "2119765"]
[BlackFideId "21816972"]
[WhiteElo "2165"]
[BlackElo "2243"]
[Result "0-1"]
[Round "03"]
[TimeControl "180+1"]
[Date "2022.03.30"]
[WhiteClock "0:00:03"]
[BlackClock "0:00:44"]

1. e4 c5 2. Nf3 d6 3. d4 cxd4 4. Nxd4 Nf6 5. Nc3 a6 6. h3 g6 7. g4 Bg7 8. Bg2 O-O 9. Be3 Nc6 10. O-O h5 11. g5 Nh7 12. Nb3 Be6 13. f4 Bc4 14. Rf2 e5 15. f5 Nxg5 16. fxg6 fxg6 17. Rxf8+ Bxf8 18. Nd5 Bxb3 19. cxb3 Ne6 20. Qf3 Ncd4 21. Qf2 Bg7 22. Rf1 Rc8 23. Qf7+ Kh8 24. Ne7 Qe8 25. Nxc8 Qxc8 26. Qxg6 Nf4 27. Bxd4 Nxg6 28. Bc3 Nf4 29. Rf3 Qe6 30. Bf1 Qg6+ 0-1


[Site "https://www.chess.com"]

[Event "Titled Tuesday Blitz March 29 Early 2022"]
[White "Fiol, Fabrice"]
[Black "Gabdrakhmanov, Azat"]
[WhiteFideId "611670"]
[BlackFideId "34189197"]
[WhiteElo "2445"]
[BlackElo "2279"]
[Result "0-1"]
[Round "03"]
[TimeControl "180+1"]
[Date "2022.03.30"]
[WhiteClock "0:00:02"]
[BlackClock "0:00:15"]

1. e4 c6 2. Nf3 d6 3. d4 g6 4. a4 Bg7 5. Nc3 Nd7 6. h3 Ngf6 7. g4 e5 8. Bg2 O-O 9. O-O exd4 10. Nxd4 Re8 11. Re1 h5 12. g5 Nh7 13. h4 Ne5 14. f3 Nc4 15. Kh1 Qa5 16. Qd3 Ne5 17. Qe3 Bd7 18. Nb3 Qc7 19. a5 d5 20. Qf2 Nc4 21. Nc5 Rad8 22. a6 b6 23. Nd3 d4 24. Bf4 Qc8 25. Ne2 Bh3 26. b3 Ne3 27. Bxe3 dxe3 28. Qxe3 Bxg2+ 29. Kxg2 Bxa1 30. Rxa1 c5 31. Ndf4 c4 32. b4 Nf8 33. Qf2 Qc6 34. Nc3 Ne6 35. Ncd5 Nxf4+ 36. Nxf4 Qc7 37. Nd5 Rxd5 38. exd5 Qd6 39. Rd1 Re5 40. Qd4 Re2+ 41. Kf1 Rxc2 42. Qf6 Qh2 43. Qd8+ Kh7 0-1


[Site "https://www.chess.com"]

[Event "Titled Tuesday Blitz March 29 Early 2022"]
[White "Gaehwiler, Gabriel"]
[Black "Mikhalsky, Vladimir"]
[WhiteFideId "1314530"]
[BlackFideId "14144352"]
[WhiteElo "2383"]
[BlackElo "2301"]
[Result "1-0"]
[Round "03"]
[TimeControl "180+1"]
[Date "2022.03.30"]
[WhiteClock "0:01:10"]
[BlackClock "0:00:53"]

1. Nf3 c5 2. e4 Nc6 3. d4 cxd4 4. Nxd4 Nf6 5. Nc3 e5 6. Ndb5 d6 7. Bg5 a6 8. Na3 b5 9. Nd5 Be7 10. Bxf6 Bxf6 11. c4 b4 12. Nc2 Rb8 13. b3 Bg5 14. g3 O-O 15. Bg2 Qa5 16. O-O Qc5 17. Kh1 f5 18. exf5 Bxf5 19. Nde3 Bg6 20. Qd5+ Qxd5 21. Bxd5+ Kh8 22. Bxc6 Bd3 23. Kg2 Bxf1+ 24. Rxf1 a5 25. Rd1 Bxe3 26. Nxe3 Rf6 27. f3 Rc8 28. Be4 Rb8 29. Rd5 a4 30. bxa4 b3 31. axb3 Rxb3 32. Rb5 Rxb5 33. axb5 Rf8 34. b6 Rb8 35. b7 Kg8 36. Nf5 Kf8 37. Nxd6 Ke7 38. Nb5 Kd7 39. c5 Rf8 40. c6+ Ke6 41. c7 Kd7 42. c8=Q+ 1-0


[Site "https://www.chess.com"]